[Event "4th Cap Verde-ch 2020"]
[Site "Mindelo"]
[Date "2020.10.16"]
[Round "1.1"]
[White "Ortega Amarelle, Mariano"]
[Black "Jimenez Almeida, Luis David"]
[Result "1-0"]
[ECO "E10"]
[WhiteElo "2458"]
[BlackElo "2285"]
[Annotator "RC"]
[PlyCount "61"]
[EventDate "2020.10.08"]
[EventType "swiss"]
[SourceTitle "playchess.com"]
[Source "ChessBase"]
[SourceQuality "1"]
[TimeControl "40/5400+30:1800+30"]

1. Nf3 Nc6 2. d4 d5 3. c4 e6 4. Nc3 Nf6 5. a3 Be7 6. Bf4 O-O 7. e3 b6 8. Qc2 Bd6 9. Bg5 h6 10. Bxf6 Qxf6 11. cxd5 exd5 12. Nxd5 Qd8 13. Qxc6 Bd7 14. Qc2 Be6 15. Nc3 Rc8 16. Ba6 Rb8 17. h3 Qf6 18. Bd3 Rfe8 19. Ne4 Qg6 20. Nxd6 Qxg2 21. Ke2 Red8 22. Rag1 Bxh3 23. Rxg2 Bxg2 24. Bh7+ Kf8 25. Qxc7 Rxd6 26. Qxd6+ Ke8 27. Qxb8+ Ke7 28. Qc7+ Ke8 29. Ne5 Bd5 30. Qd7+ Kf8 31. Qd8# 1-0

[Event "4th Cap Verde-ch 2020"]
[Site "Mindelo"]
[Date "2020.10.16"]
[Round "2.1"]
[White "Fernandes, Giorgio Lucio"]
[Black "Ortega Amarelle, Mariano"]
[Result "0-1"]
[ECO "B95"]
[WhiteElo "1989"]
[BlackElo "2458"]
[Annotator "RC"]
[PlyCount "52"]
[EventDate "2020.10.08"]
[EventType "swiss"]
[SourceTitle "playchess.com"]
[Source "ChessBase"]
[SourceQuality "1"]
[TimeControl "40/5400+30:1800+30"]

1. e4 c5 2. Nf3 d6 3. d4 cxd4 4. Nxd4 Nf6 5. Nc3 a6 6. Bg5 e6 7. Qd2 Nbd7 8. Bc4 Nc5 9. b4 Ncxe4 10. Nxe4 Nxe4 11. Bxd8 Nxd2 12. Kxd2 Kxd8 13. f4 d5 14. Bd3 Bxb4+ 15. c3 Bd6 16. g3 Kc7 17. c4 dxc4 18. Bxc4 b5 19. Bb3 Bb7 20. Rhc1+ Kb6 21. a4 Rhd8 22. a5+ Ka7 23. Ke3 Rac8 24. Nf3 Bc5+ 25. Ke2 Bxf3+ 26. Kxf3 Rd3+ 0-1

[Event "4th Cap Verde-ch 2020"]
[Site "Mindelo"]
[Date "2020.10.16"]
[Round "2.2"]
[White "Bernal Ladron de Guevara, Carlos"]
[Black "Silva, Luis Neves Da"]
[Result "1-0"]
[ECO "B01"]
[WhiteElo "2303"]
[BlackElo "2379"]
[Annotator "ChessBase"]
[PlyCount "171"]
[EventDate "2020.10.08"]
[EventType "swiss"]
[SourceTitle "playchess.com"]
[Source "ChessBase"]
[SourceQuality "1"]
[TimeControl "40/5400+30:1800+30"]

1. e4 d5 2. exd5 Qxd5 3. Nc3 Qd8 4. d4 Nf6 5. Nf3 Bg4 6. h3 Bxf3 7. Qxf3 c6 8. Be3 e6 9. a3 Nbd7 10. Be2 Bd6 11. O-O O-O 12. Rad1 a5 13. Bg5 Be7 14. Qg3 Nd5 15. Bh6 Bf6 16. Ne4 Qe7 17. Nxf6+ Qxf6 18. Bg5 Qg6 19. f4 h6 20. Bd3 f5 21. Bh4 Qxg3 22. Bxg3 Ne3 23. Rde1 Nxf1 24. Kxf1 Rfe8 25. Bc4 Kf7 26. a4 Nf8 27. h4 h5 28. c3 Kf6 29. Ra1 Nd7 30. Be2 g6 31. Bf2 b6 32. Bc4 Rec8 33. Re1 Re8 34. Ke2 Re7 35. Kd2 c5 36. Kc2 cxd4 37. Bxd4+ Kf7 38. Bb5 Rb8 39. b4 Nf8 40. Be5 Rd8 41. Bd4 Rb7 42. Kb3 Nd7 43. Bc4 Re8 44. Bb5 Re7 45. Bc6 Rb8 46. Bb5 Nf6 47. bxa5 bxa5 48. c4 Ne4 49. c5 Rd7 50. Be5 Rxb5+ 51. axb5 Nxc5+ 52. Kc4 Nd3 53. Rb1 Nxe5+ 54. fxe5 Rc7+ 55. Kd4 Ke7 56. b6 Rb7 57. Kc5 Kd7 58. Ra1 Rb8 59. Rxa5 Rc8+ 60. Kb5 Rc1 61. Ka6 Kc6 62. Ra2 Rb1 63. Rc2+ Kd5 64. Kb7 Kxe5 65. Kc7 Kf4 66. b7 e5 67. b8=Q Rxb8 68. Kxb8 e4 69. Kc7 g5 70. hxg5 Kxg5 71. Kd6 e3 72. Ke5 Kg4 73. Kd4 f4 74. Kd3 Kg3 75. Ke2 Kxg2 76. Rc5 f3+ 77. Kxe3 f2 78. Rg5+ Kf1 79. Rf5 Kg2 80. Rxf2+ Kg3 81. Rf6 Kg4 82. Kf2 Kh4 83. Rg6 Kh3 84. Kf3 Kh4 85. Rg1 Kh3 86. Rh1# 1-0

[Event "4th Cap Verde-ch 2020"]
[Site "Mindelo"]
[Date "2020.10.16"]
[Round "2.2"]
[White "Rodriguez Guevara, Celia M."]
[Black "Neves, Diogo Alexandre"]
[Result "1-0"]
[ECO "B01"]
[WhiteElo "1858"]
[BlackElo "1573"]
[Annotator "NA"]
[PlyCount "171"]
[EventDate "2020.10.08"]
[EventType "swiss"]
[SourceTitle "playchess.com"]
[Source "ChessBase"]
[SourceQuality "1"]
[TimeControl "40/5400+30:1800+30"]

1. e4 d5 2. exd5 Qxd5 3. Nc3 Qd8 4. d4 Nf6 5. Nf3 Bg4 6. h3 Bxf3 {[%emt 0:02:17] B01: Scandinavian Defence.} 7. Qxf3 c6 8. Be3 e6 9. a3 Nbd7 10. Be2 Bd6 11. O-O O-O {[%emt 0:03:27] [#]} 12. Rad1 $146 ({Predecessor:} 12. Bf4 Qc7 13. Bxd6 Qxd6 14. Rad1 Nb6 15. Rfe1 Nbd5 16. Ne4 Nxe4 17. Qxe4 Nf6 18. Qh4 {½-½ (47) Lenzen,M (2044)-Baerner,H (2138) Gerlingen 2007}) 12... a5 13. Bg5 Be7 14. Qg3 Nd5 (14... Nh5 $11 {remains equal.} 15. Bxh5 Bxg5) 15. Bh6 Bf6 16. Ne4 Qe7 (16... b5 $16 {is a better defense.}) 17. Nxf6+ (17. c4 $18 N5b6 18. Bf4) 17... Qxf6 18. Bg5 Qg6 19. f4 h6 20. Bd3 f5 21. Bh4 $2 (21. c4 $1 $14 {was the only good move.}) 21... Qxg3 22. Bxg3 Ne3 23. Rde1 Nxf1 24. Kxf1 Rfe8 25. Bc4 Kf7 26. a4 Nf8 27. h4 h5 28. c3 Kf6 29. Ra1 Nd7 30. Be2 g6 31. Bf2 b6 32. Bc4 $1 $11 {[%emt 0:02:59] and White has nothing to worry.} Rec8 33. Re1 Re8 34. Ke2 $2 Re7 35. Kd2 c5 36. Kc2 cxd4 37. Bxd4+ Kf7 38. Bb5 Rb8 39. b4 Nf8 40. Be5 Rd8 41. Bd4 Rb7 42. Kb3 Nd7 43. Bc4 Re8 44. Bb5 Re7 45. Bc6 Rb8 46. Bb5 (46. Kc4 $14) 46... Nf6 47. bxa5 bxa5 48. c4 Ne4 49. c5 Rd7 50. Be5 Rxb5+ 51. axb5 Nxc5+ 52. Kc4 Nd3 53. Rb1 Nxe5+ 54. fxe5 Rc7+ 55. Kd4 Ke7 56. b6 Rb7 57. Kc5 Kd7 58. Ra1 Rb8 59. Rxa5 Rc8+ 60. Kb5 Rc1 61. Ka6 Kc6 62. Ra2 Rb1 63. Rc2+ Kd5 64. Kb7 Kxe5 65. Kc7 Kf4 66. b7 e5 67. b8=Q Rxb8 68. Kxb8 e4 69. Kc7 g5 70. hxg5 Kxg5 71. Kd6 e3 72. Ke5 Kg4 73. Kd4 f4 74. Kd3 Kg3 75. Ke2 Kxg2 76. Rc5 f3+ 77. Kxe3 f2 78. Rg5+ Kf1 79. Rf5 Kg2 80. Rxf2+ Kg3 81. Rf6 Kg4 82. Kf2 Kh4 83. Rg6 Kh3 84. Kf3 Kh4 85. Rg1 Kh3 86. Rh1# 1-0

[Event "4th Cap Verde-ch 2020"]
[Site "Mindelo"]
[Date "2020.10.16"]
[Round "2.3"]
[White "Fortes, Amaral"]
[Black "Elci, Pereira Diniz"]
[Result "1/2-1/2"]
[ECO "D37"]
[WhiteElo "1624"]
[BlackElo "2288"]
[Annotator "ChessBase"]
[PlyCount "94"]
[EventDate "2020.10.08"]
[EventType "swiss"]
[SourceTitle "playchess.com"]
[Source "ChessBase"]
[SourceQuality "1"]
[TimeControl "40/5400+30:1800+30"]

1. Nf3 d5 2. d4 Nf6 3. c4 e6 4. Nc3 Be7 5. e3 O-O 6. Bd3 a6 7. a4 b6 8. O-O Bb7 9. Qc2 dxc4 10. Bxc4 Bxf3 11. gxf3 Nbd7 12. e4 c6 13. e5 Nh5 14. Bd3 g6 15. Ne4 c5 16. Bh6 Re8 17. Nd6 Bg5 18. Nxe8 Bxh6 19. Nf6+ Ndxf6 20. exf6 Qxf6 21. Rfe1 Qg5+ 22. Kh1 Nf4 23. Bf1 Qd5 24. Qe4 cxd4 25. Rad1 Rd8 26. Qxd5 Rxd5 27. Bxa6 Nh3 28. Kg2 Nf4+ 29. Kh1 d3 30. Bc4 Rd8 31. b4 d2 32. Re4 Nd5 33. Bb3 Nc3 34. Ra1 Nxe4 35. fxe4 Rc8 36. Rf1 Rc1 37. Kg2 Rxf1 38. Kxf1 Bf8 39. a5 bxa5 40. bxa5 Bc5 41. Ke2 Kg7 42. a6 g5 43. f3 Kf6 44. Kxd2 Ke5 45. Ba4 Kf4 46. Ke2 f6 47. Bd7 e5 1/2-1/2

[Event "4th Cap Verde-ch 2020"]
[Site "Mindelo"]
[Date "2020.10.16"]
[Round "2.3"]
[White "Fortes, Aires"]
[Black "Pereira, Eder Marcio"]
[Result "1/2-1/2"]
[ECO "D37"]
[WhiteElo "1504"]
[BlackElo "1788"]
[Annotator "NA"]
[PlyCount "94"]
[EventDate "2020.10.08"]
[EventType "swiss"]
[SourceTitle "playchess.com"]
[Source "ChessBase"]
[SourceQuality "1"]
[TimeControl "40/5400+30:1800+30"]

1. Nf3 (1. e4 e6 2. d4 d5 3. e5 c5 4. c3 Nc6 5. Nf3 Qb6 6. a3 Nge7 7. b4 {7.Bd3 is the modern continuation. C02: French: Advance Variation.} cxd4 8. cxd4 Ng6 (8... Nf5 $11) 9. Bd3 (9. Nc3 $16) 9... Bd7 (9... Nh4 $1 $15 10. Be3 Nxg2+ 11. Kd2 Bd7) 10. Be3 $14 Be7 11. Nbd2 {[#]} Qc7 $146 (11... Nd8 $14) ({Predecessor:} 11... Rc8 12. h4 Qd8 13. h5 Nf8 14. g3 h6 15. Nh4 Nh7 16. Qg4 Kf8 17. Ndf3 Ng5 {1-0 (28) Maulana,Y-Apurva,A (1886) Singapore 2004}) 12. Rc1 Qd8 13. h4 Nxh4 $2 {[#] Black cannot hold the game after this.} (13... h6 $16 {was called for.} 14. Nb3 Nf8) 14. Nxh4 $18 Bxh4 15. Qg4 Bxf2+ $2 (15... Be7 16. Qxg7 Rf8 17. Rxh7 Qb6) 16. Bxf2 g6 (16... Kf8 $142 17. O-O Rc8) 17. Bh4 Ne7 18. Bf6 h5 19. Qg5 Rg8 20. Nf3 Rc8 21. Rxc8 {[%mdl 64] [#] Overworked Piece} Qxc8 22. Bxe7 Qc3+ 23. Ke2 {White wants to mate with Bd6.} Qb2+ 24. Ke3 {Av CentiPawn Loss W=-47/B=-215. Weighted=-42/-148}) 1... d5 2. d4 Nf6 3. c4 e6 4. Nc3 Be7 5. e3 O-O 6. Bd3 a6 7. a4 b6 8. O-O Bb7 9. Qc2 dxc4 10. Bxc4 Bxf3 11. gxf3 Nbd7 12. e4 c6 13. e5 Nh5 14. Bd3 g6 15. Ne4 c5 16. Bh6 Re8 17. Nd6 Bg5 18. Nxe8 Bxh6 19. Nf6+ Ndxf6 20. exf6 Qxf6 21. Rfe1 Qg5+ 22. Kh1 Nf4 23. Bf1 Qd5 24. Qe4 cxd4 25. Rad1 Rd8 26. Qxd5 Rxd5 27. Bxa6 Nh3 28. Kg2 Nf4+ 29. Kh1 d3 30. Bc4 Rd8 31. b4 d2 32. Re4 Nd5 33. Bb3 Nc3 34. Ra1 Nxe4 35. fxe4 Rc8 36. Rf1 Rc1 37. Kg2 Rxf1 38. Kxf1 Bf8 39. a5 bxa5 40. bxa5 Bc5 41. Ke2 Kg7 42. a6 g5 43. f3 Kf6 44. Kxd2 Ke5 45. Ba4 Kf4 46. Ke2 f6 47. Bd7 e5 1/2-1/2

[Event "4th Cap Verde-ch 2020"]
[Site "Mindelo"]
[Date "2020.10.16"]
[Round "2.4"]
[White "Monteiro, Paulo Alexandre G"]
[Black "Moes Joaquim, Carlos"]
[Result "1/2-1/2"]
[ECO "D02"]
[WhiteElo "2049"]
[BlackElo "1403"]
[Annotator "ChessBase"]
[PlyCount "156"]
[EventDate "2020.10.08"]
[EventType "swiss"]
[SourceTitle "playchess.com"]
[Source "ChessBase"]
[SourceQuality "1"]
[TimeControl "40/5400+30:1800+30"]

1. d4 d5 2. Bf4 Nf6 3. e3 Bg4 4. Nf3 e6 5. h3 Bxf3 6. Qxf3 Nbd7 7. Nd2 c5 8. c3 a6 9. Bd3 Qb6 10. Rb1 Qa5 11. a3 g6 12. O-O Rc8 13. dxc5 Qxc5 14. e4 Bg7 15. exd5 Qxd5 16. Qe3 O-O 17. Nf3 Rfd8 18. Rfd1 Qb3 19. Nd4 Qa4 20. Bc2 Qa5 21. Bh6 Qh5 22. Bxg7 Kxg7 23. Nf3 Qa5 24. Rd2 b5 25. Rbd1 Qc7 26. Bb3 Nb6 27. Rxd8 Rxd8 28. Rxd8 Qxd8 29. Nd4 Qd6 30. Nf3 Nbd5 31. Qd4 Qf4 32. Qxf4 Nxf4 33. Bc2 h5 34. a4 N6d5 35. axb5 axb5 36. Nd4 Nc7 37. Kh2 e5 38. Nc6 f6 39. g3 Nfe6 40. Kg2 Nc5 41. Kf3 Nd7 42. Ke2 f5 43. Na7 e4 44. f3 exf3+ 45. Kxf3 Ne5+ 46. Kg2 Kf6 47. Bd1 Ke6 48. Be2 Nc4 49. b3 Nd6 50. c4 bxc4 51. bxc4 Ne4 52. Nb5 Ne8 53. Nd4+ Kd6 54. Nf3 N8f6 55. Nh4 Ke5 56. Nxg6+ Kd4 57. Nf4 Nd2 58. Nxh5 Nxh5 59. Bxh5 Nxc4 60. Kf3 Ke5 61. Bf7 Nd2+ 62. Kg2 Ne4 63. h4 Kf6 64. Bd5 Nd6 65. Kf3 Ne8 66. Bc6 Ng7 67. Bd7 Nh5 68. Bb5 Ke5 69. g4 fxg4+ 70. Kxg4 Nf6+ 71. Kg5 Nh7+ 72. Kg6 Nf8+ 73. Kf7 Nh7 74. h5 Nf6 75. h6 Kf5 76. Kg7 Kg5 77. Bc6 Kh5 78. Be8+ Nxe8+ 1/2-1/2

[Event "4th Cap Verde-ch 2020"]
[Site "Mindelo"]
[Date "2020.10.16"]
[Round "3.2"]
[White "Fernandes, Henry"]
[Black "Monteiro, Antonio David Cabral"]
[Result "0-1"]
[ECO "B07"]
[WhiteElo "1619"]
[BlackElo "1766"]
[Annotator "NA RC"]
[PlyCount "136"]
[EventDate "2020.10.08"]
[EventType "swiss"]
[EventCountry "KAP"]
[SourceTitle "playchess.com"]
[Source "ChessBase"]
[SourceQuality "1"]
[TimeControl "40/5400+30:1800+30"]

1. e4 d6 2. Nf3 Nf6 3. Nc3 g6 4. Bc4 c6 5. d4 b5 6. Bd3 Bg7 7. e5 dxe5 8. dxe5 Nd5 9. Nxd5 Qxd5 10. Bf4 Nd7 11. Qe2 Nc5 12. O-O Nxd3 13. Qxd3 O-O 14. Qe3 c5 15. h4 h5 16. Rfd1 Qc6 17. Bh6 Bg4 18. Bxg7 Kxg7 19. Rd3 Bxf3 20. Qxf3 Qxf3 21. Rxf3 Rfd8 22. Re3 Rd2 23. Rc1 Rad8 24. Kf1 c4 25. Re2 R2d4 26. g3 e6 27. c3 Rd3 28. b3 cxb3 29. axb3 Rc8 30. Re3 Rxe3 31. fxe3 Rc5 32. Kf2 Rxe5 33. c4 Rc5 34. Ra1 bxc4 35. bxc4 a5 36. Ra2 Kf6 37. Kf3 e5 38. e4 Ke6 39. Ra4 f5 40. Ke3 Kf6 41. Kf3 g5 42. exf5 gxh4 43. gxh4 Kxf5 44. Ra1 Rxc4 45. Rxa5 Rxh4 46. Ra8 Rh3+ 47. Kg2 Rd3 48. Rf8+ Ke4 49. Rh8 Ke3 50. Rxh5 e4 51. Ra5 Ke2 52. Ra4 e3 53. Ra2+ Rd2 54. Ra3 Ke1+ 55. Kf3 e2 56. Ra1+ Rd1 57. Ra2 Rd3+ 58. Kg2 Rd5 59. Ra1+ Kd2 60. Ra2+ Ke3 61. Ra3+ Rd3 62. Ra1 Rd1 63. Ra3+ Kd4 64. Ra4+ Kc3 65. Ra3+ Kb2 66. Re3 e1=Q 67. Rxe1 Rxe1 68. Kf2 Re8 0-1

[Event "4th Cap Verde-ch 2020"]
[Site "Mindelo"]
[Date "2020.10.16"]
[Round "3.3"]
[White "Moes Joaquim, Carlos"]
[Black "Fortes, Aires"]
[Result "0-1"]
[ECO "D37"]
[WhiteElo "1403"]
[BlackElo "1504"]
[Annotator "NA RC"]
[PlyCount "57"]
[EventDate "2020.10.08"]
[EventType "swiss"]
[EventCountry "KAP"]
[SourceTitle "playchess.com"]
[Source "ChessBase"]
[SourceQuality "1"]
[TimeControl "40/5400+30:1800+30"]

1. d4 Nf6 2. c4 e6 3. Nf3 d5 4. Nc3 Be7 5. h3 a6 6. Bf4 Nbd7 7. e3 b6 8. Be2 Bb7 9. O-O dxc4 10. Bxc4 b5 11. Be2 O-O 12. a3 c5 13. dxc5 Nxc5 14. b4 Nce4 15. Nxe4 Nxe4 16. Qxd8 Rfxd8 17. Rac1 Rac8 18. Rxc8 Rxc8 19. Be5 Rc2 20. Bd3 Ra2 21. Bb1 Rxa3 22. Rd1 Bd5 23. g3 f6 24. Bb2 Rb3 25. Nd2 Rxb2 26. Nxe4 Bxb4 27. g4 Kf7 28. Kg2 Rxb1 29. Rxb1 0-1

[Event "4th Cap Verde-ch 2020"]
[Site "Mindelo"]
[Date "2020.10.16"]
[Round "3.4"]
[White "Pereira, Eder Marcio"]
[Black "Fernandes, Luis De Pina"]
[Result "1-0"]
[ECO "B50"]
[WhiteElo "1788"]
[BlackElo "1606"]
[Annotator "NA RC"]
[PlyCount "59"]
[EventDate "2020.10.08"]
[EventType "swiss"]
[EventCountry "KAP"]
[SourceTitle "playchess.com"]
[Source "ChessBase"]
[SourceQuality "1"]
[TimeControl "40/5400+30:1800+30"]

1. e4 c5 2. Nf3 g6 3. Bc4 Bg7 4. c3 Nc6 5. O-O d6 6. d3 Nf6 7. Bg5 Bg4 8. h3 Bxf3 9. Qxf3 Ne5 10. Bb5+ Nfd7 11. Qe2 O-O 12. Nd2 f6 13. Be3 a6 14. Ba4 Kh8 15. Bb3 Nc6 16. f4 f5 17. g4 fxg4 18. hxg4 Qe8 19. Kf2 e6 20. Rh1 Na5 21. Bc2 d5 22. Rh3 d4 23. Rah1 dxe3+ 24. Kxe3 h6 25. Rxh6+ Bxh6 26. Qh2 Kg8 27. Qxh6 Nf6 28. Qh8+ Kf7 29. Rh7+ Nxh7 30. Qxh7+ 1-0

[Event "4th Cap Verde-ch 2020"]
[Site "Mindelo"]
[Date "2020.10.17"]
[Round "4.2"]
[White "Monteiro, Antonio David Cabral"]
[Black "Pereira, Eder Marcio"]
[Result "1-0"]
[ECO "D58"]
[WhiteElo "1766"]
[BlackElo "1788"]
[Annotator "NA"]
[PlyCount "56"]
[EventDate "2020.10.08"]
[EventType "swiss"]
[EventCountry "KAP"]
[SourceTitle "playchess.com"]
[Source "ChessBase"]
[SourceQuality "1"]
[TimeControl "40/5400+30:1800+30"]

1. d4 Nf6 2. c4 e6 3. Nc3 d5 4. Bg5 Nbd7 5. e3 Be7 6. Nf3 b6 7. cxd5 exd5 8. Bd3 O-O 9. O-O Bb7 10. Rc1 h6 11. Bh4 Re8 12. a3 Rc8 13. Nb5 c6 14. Nxa7 Nh5 15. Nxc8 Qxc8 16. Bf5 Qd8 17. Bxd7 Qxd7 18. Ne5 Qf5 19. g4 Qe4 20. Bxe7 Rxe7 21. gxh5 Rxe5 22. dxe5 c5 23. Qe2 d4 24. f3 Qxe5 25. Rce1 Qg5+ 26. Qg2 Qd5 27. exd4 cxd4 28. Qg4 f5 1-0

[Event "4th Cap Verde-ch 2020"]
[Site "Mindelo"]
[Date "2020.10.17"]
[Round "4.4"]
[White "Neves, Diogo Alexandre"]
[Black "Fernandes, Henry"]
[Result "1-0"]
[ECO "D02"]
[WhiteElo "1573"]
[BlackElo "1619"]
[Annotator "NA"]
[PlyCount "27"]
[EventDate "2020.10.08"]
[EventType "swiss"]
[EventCountry "KAP"]
[SourceTitle "playchess.com"]
[Source "ChessBase"]
[SourceQuality "1"]
[TimeControl "40/5400+30:1800+30"]

1. d4 d5 2. Bf4 Nf6 3. e3 e6 4. Nf3 Bd6 5. Bg3 c5 6. c3 O-O 7. Nbd2 cxd4 8. exd4 Nc6 9. Bd3 Re8 10. Ne5 Qc7 11. f4 Nd7 12. O-O f6 13. Qh5 Kf8 14. Qf7# 1-0

[Event "4th Cap Verde-ch 2020"]
[Site "Mindelo"]
[Date "2020.10.17"]
[Round "5.3"]
[White "Pereira, Eder Marcio"]
[Black "Neves, Diogo Alexandre"]
[Result "1-0"]
[ECO "A48"]
[WhiteElo "1788"]
[BlackElo "1573"]
[Annotator "NA RC"]
[PlyCount "53"]
[EventDate "2020.10.08"]
[EventType "swiss"]
[EventCountry "KAP"]
[SourceTitle "playchess.com"]
[Source "ChessBase"]
[SourceQuality "1"]
[TimeControl "40/5400+30:1800+30"]

1. d4 Nf6 2. Bf4 g6 3. e3 Bg7 4. h3 d6 5. Nf3 O-O 6. Be2 c5 7. c3 b6 8. O-O Bb7 9. Nbd2 Nbd7 10. a4 Re8 11. Nc4 Rc8 12. Bxd6 exd6 13. Nxd6 Qc7 14. Nxe8 Rxe8 15. Qb3 cxd4 16. cxd4 Bxf3 17. Bxf3 Ne4 18. Rac1 Qd6 19. Bxe4 Rxe4 20. Rc8+ Bf8 21. Rfc1 Kg7 22. R1c6 Qb4 23. Qxb4 Bxb4 24. R6c7 Nf6 25. Rxa7 Re7 26. Rxe7 Bxe7 27. Rb8 1-0

[Event "4th Cap Verde-ch 2020"]
[Site "Mindelo"]
[Date "2020.10.18"]
[Round "6.2"]
[White "Rodriguez Guevara, Celia M."]
[Black "Fortes, Aires"]
[Result "0-1"]
[ECO "C54"]
[WhiteElo "1858"]
[BlackElo "1504"]
[Annotator "NA RC"]
[PlyCount "37"]
[EventDate "2020.10.08"]
[EventType "swiss"]
[EventCountry "KAP"]
[SourceTitle "playchess.com"]
[Source "ChessBase"]
[SourceQuality "1"]
[TimeControl "40/5400+30:1800+30"]

1. e4 e5 2. Nf3 Nc6 3. Bc4 Bc5 4. c3 Nf6 5. d3 a6 6. Bb3 O-O 7. O-O d6 8. h3 Be6 9. Bc2 Ba7 10. a4 d5 11. exd5 Nxd5 12. Re1 Qf6 13. d4 exd4 14. Bg5 Ne3 15. fxe3 dxe3 16. Re2 Bc4 17. Bxf6 gxf6 18. Kh1 Rad8 19. Qe1 0-1

[Event "4th Cap Verde-ch 2020"]
[Site "Mindelo"]
[Date "2020.10.18"]
[Round "6.3"]
[White "Monteiro, Antonio David Cabral"]
[Black "Neves, Diogo Alexandre"]
[Result "1/2-1/2"]
[ECO "B07"]
[WhiteElo "1766"]
[BlackElo "1573"]
[Annotator "NA RC"]
[PlyCount "125"]
[EventDate "2020.10.08"]
[EventType "swiss"]
[EventCountry "KAP"]
[SourceTitle "playchess.com"]
[Source "ChessBase"]
[SourceQuality "1"]
[TimeControl "40/5400+30:1800+30"]

1. d4 Nf6 2. Bf4 g6 3. Nc3 Bg7 4. e4 d6 5. Qd2 O-O 6. O-O-O a6 7. Bd3 b5 8. Bh6 b4 9. Nce2 a5 10. h4 Ng4 11. Bxg7 Kxg7 12. Nh3 e5 13. h5 exd4 14. hxg6 fxg6 15. Nxd4 Qf6 16. Ne2 Nc6 17. f3 Nge5 18. Nf2 h5 19. f4 Ng4 20. Nh3 a4 21. Kb1 a3 22. c3 bxc3 23. Nxc3 axb2 24. Nd5 Qd4 25. Bc2 Qa7 26. Qc3+ Kh6 27. Bb3 Bd7 28. Rd2 Na5 29. Rxb2 Nxb3 30. Rxb3 Qxa2+ 31. Kc1 Qa1+ 32. Qxa1 Rxa1+ 33. Rb1 Ra2 34. Rb2 Rxb2 35. Kxb2 c6 36. Nb4 Re8 37. Ng5 Kg7 38. Ra1 Nf6 39. Ra7 Kf8 40. Rc7 Rc8 41. Rxc8+ Bxc8 42. Nxc6 Bb7 43. Nd4 Nxe4 44. Nxe4 Bxe4 45. g3 Kf7 46. Kc3 Kf6 47. Kd2 g5 48. Ke3 d5 49. fxg5+ Kxg5 50. Kf2 Kg4 51. Ne2 Bf3 52. Nd4 Bd1 53. Nb5 Kf5 54. Ke3 Kg4 55. Kf2 Be2 56. Nd4 Bc4 57. Nf3 Ba2 58. Nd4 Bb1 59. Nf3 Be4 60. Nd4 h4 61. gxh4 Kxh4 62. Ke3 Kg4 63. Nc6 1/2-1/2

[Event "4th Cap Verde-ch 2020"]
[Site "Mindelo"]
[Date "2020.10.18"]
[Round "7.2"]
[White "Monteiro, Antonio David Cabral"]
[Black "Rodriguez Guevara, Celia M."]
[Result "1-0"]
[ECO "D58"]
[WhiteElo "1766"]
[BlackElo "1858"]
[Annotator "NA RC"]
[PlyCount "115"]
[EventDate "2020.10.08"]
[EventType "swiss"]
[EventCountry "KAP"]
[SourceTitle "playchess.com"]
[Source "ChessBase"]
[SourceQuality "1"]
[TimeControl "40/5400+30:1800+30"]

1. d4 d5 2. c4 e6 3. Nc3 Nf6 4. Bg5 Be7 5. Nf3 O-O 6. e3 Nbd7 7. Rc1 h6 8. Bh4 b6 9. cxd5 exd5 10. Bd3 Bb7 11. O-O Ne4 12. Bxe7 Qxe7 13. Bxe4 {[%emt 0:05:51] D58: Queen's Gambit Declined: Tartakower Defence.} dxe4 14. Nd2 {[%emt 0:03:32] [#]} Qh4 $146 ({Predecessor:} 14... c5 $11 15. Qc2 cxd4 16. exd4 e3 17. Nc4 exf2+ 18. Rxf2 Nf6 19. Ne5 Rac8 20. Re2 Qb4 {0-1 (30) Popovic,M (1497)-Radosevic,N (1653) Podgorica 2019}) 15. Ne2 c5 16. Qa4 Rfd8 17. Rfd1 cxd4 18. g3 $2 (18. Qxd4 $15 Nc5 19. Nf3 Rxd4 20. Nxh4 Rxd1+ 21. Rxd1) 18... Qf6 $2 (18... Qg4 $19 19. Nxd4 Nc5) 19. Qxd4 $2 (19. exd4 $11 Nf8 20. Rc7) 19... Ne5 20. Nxe4 Qf3 21. Qxd8+ Rxd8 22. Rxd8+ {[%emt 0:00:12] [#]} Kh7 $1 23. N2c3 Ng4 24. Rd2 Bxe4 25. Nxe4 Qxe4 26. Rd4 Qf3 27. Rf4 Qe2 28. Rxf7 {[%emt 0:02:02] [#]} Nxe3 $1 29. Re7 Qxb2 30. Re1 Ng4 31. R1e2 Qd4 32. R7e4 Qd1+ 33. Kg2 Qd5 34. f3 Nf6 35. Re7 Qc4 36. R7e5 a5 37. h4 a4 38. g4 a3 39. Kg3 b5 40. g5 Nh5+ 41. Kf2 Qxh4+ {[%emt 0:30:29] Double Attack} 42. Ke3 Qf4+ 43. Kf2 Qd4+ 44. R2e3 hxg5 45. Rxb5 Qh4+ 46. Kg2 Qg3+ 47. Kf1 Nf4 48. Rbb3 Qg2+ 49. Ke1 Qxa2 50. Kf1 Qb1+ $4 (50... Qg2+ 51. Ke1 a2 52. Ra3 Qg1+ 53. Kd2 Qf2+ 54. Kd1 {[#]} Qxe3 $1 {[%mdl 576] Promotion} 55. Rxe3 a1=Q+ 56. Kc2 Qa2+ 57. Kc1 Qc4+ 58. Kb1 Qf1+ 59. Kc2 Qf2+ {[%mdl 64] Double Attack} 60. Kc3 Qxe3+ 61. Kb4 Qc1 62. Kb5 Nd5 63. f4 gxf4 64. Ka4 Qb2 65. Ka5 Qb6+ 66. Ka4 Qb4#) 51. Rxb1 Nd5 52. Rxa3 Kh6 53. Kf2 Kg6 54. Ra6+ Kf7 55. Rb7+ Kg8 {[%emt 0:00:00] [#]} 56. Rg6 $1 Nf4 57. Rgxg7+ Kh8 58. Rgc7 $18 1-0

[Event "4th Cap Verde-ch 2020"]
[Site "Mindelo"]
[Date "2020.10.18"]
[Round "7.3"]
[White "Miranda, Iura"]
[Black "Pereira, Eder Marcio"]
[Result "0-1"]
[ECO "A46"]
[WhiteElo "1388"]
[BlackElo "1788"]
[Annotator "NA RC"]
[PlyCount "34"]
[EventDate "2020.10.08"]
[EventType "swiss"]
[EventCountry "KAP"]
[SourceTitle "playchess.com"]
[Source "ChessBase"]
[SourceQuality "1"]
[TimeControl "40/5400+30:1800+30"]

1. d4 c6 2. Nf3 d6 3. c3 Nf6 4. Bf4 Qb6 5. Qb3 Bg4 6. Nbd2 Bf5 7. h3 h6 8. e3 g5 9. g4 gxf4 10. gxf5 fxe3 11. fxe3 Rg8 12. O-O-O Qxb3 13. Nxb3 Ne4 14. Re1 Nd7 15. Nbd2 Ndf6 16. Rg1 Nxd2 17. Rxg8 Nxf3 0-1

[Event "4th Cap Verde-ch 2020"]
[Site "Mindelo"]
[Date "2020.10.18"]
[Round "7.4"]
[White "Fortes, Aires"]
[Black "Fernandes, Luis De Pina"]
[Result "0-1"]
[ECO "B25"]
[WhiteElo "1504"]
[BlackElo "1606"]
[Annotator "NA RC"]
[PlyCount "125"]
[EventDate "2020.10.08"]
[EventType "swiss"]
[EventCountry "KAP"]
[SourceTitle "playchess.com"]
[Source "ChessBase"]
[SourceQuality "1"]
[TimeControl "40/5400+30:1800+30"]

1. e4 c5 2. Nc3 Nc6 3. g3 d6 4. Bg2 g6 5. Nge2 Bg7 6. O-O Nf6 7. d3 O-O 8. f4 Bg4 9. h3 Bxe2 10. Nxe2 e6 11. Be3 Nd7 12. Rb1 f5 13. a3 Qc7 14. Qd2 Rad8 15. b4 b6 16. c3 Nf6 17. Qa2 Rde8 18. bxc5 bxc5 19. e5 Nd5 20. Bxd5 exd5 21. Qxd5+ Kh8 22. exd6 Qd7 23. Kf2 Re6 24. Bxc5 Rfe8 25. Rb2 Bf8 26. Nd4 Nxd4 27. Bxd4+ Bg7 28. Rb7 Qxd6 29. Qxd6 Rxd6 30. Bxg7+ Kg8 31. Bd4 Rde6 32. Be5 Ra6 33. Rg7+ Kf8 34. Rxh7 Ree6 35. Rb1 Rab6 36. Rxb6 Rxb6 37. Rxa7 Rb2+ 38. Ke3 Rg2 39. Kf3 Rd2 40. Ke3 Rg2 41. Kd4 Rxg3 42. a4 Rxh3 43. a5 Rh4 44. Kd5 g5 45. fxg5 f4 46. g6 f3 47. Rf7+ Kg8 48. g7 Kxf7 49. Bd4 Rxd4+ 50. cxd4 f2 51. Kc6 f1=Q 52. a6 Qf6+ 53. Kb7 Qe7+ 54. Kb8 Qd8+ 55. Kb7 Qd7+ 56. Kb8 Qb5+ 57. Ka7 Kxg7 58. d5 Kf7 59. d4 Ke7 60. d6+ Kd7 61. d5 Kc8 62. d7+ Kxd7 63. d6 0-1